 Dungeon Crawl Stone Soup version 0.30-a0-23-ge60ba3568b (webtiles) character file.

Game seed: 7874903345820109189

4065 spiderkeys the Geomancer (level 10, -3/56 HPs)
             Began as an Octopode Earth Elementalist on Aug 25, 2022.
             Was a High Priest of Elyvilon.
             Slain by a hornet (15 damage)
             ... on level 9 of the Dungeon.
             The game lasted 00:22:25 (11401 turns).

spiderkeys the Geomancer (OpEE)                    Turns: 11401, Time: 00:22:26

Health: -3/56      AC:  1    Str:  9    XL:     10   Next: 25%
Magic:  14/21      EV: 13    Int: 21    God:    Elyvilon [*****.]
Gold:   531        SH:  0    Dex: 12    Spells: 13/24 levels left

rFire   . . .      SeeInvis .    z - staff of earth {!a}
rCold   . . .      Faith    .    (no shield)
rNeg    . . .      Spirit   .    (helmet restricted)
rPois   .          Reflect  .    (no amulet)
rElec   .          Harm     .    L - ring of flight
rCorr   .          Rampage  .    (no ring)
Will    .....                    (no ring)
Stlth   +++.......               (no ring)
HPRegen 0.18/turn                (no ring)
MPRegen 0.17/turn                (no ring)
                                 (no ring)
                                 (no ring)

@: flying, slowed, very slow
A: almost no armour, amphibious, 8 rings, camouflage 1, gelatinous body 1,
(nimble swimmer 1), tentacles
a: Renounce Religion, Purification, Heal Other, Heal Self, Divine Vigour


You were on level 9 of the Dungeon.
You worshipped Elyvilon.
Elyvilon was extremely pleased with you.
You visited 2 branches of the dungeon, and saw 10 of its levels.

You collected 531 gold pieces.


Innate Abilities, Weirdness & Mutations

You cannot wear most types of armour.
You are amphibious.
You can wear up to eight rings at the same time.
Your skin changes colour to match your surroundings (Stealth+).
Your rubbery body absorbs attacks. (AC +1, EV +1)
((You are camouflaged when in or above water. (Stealth+)))
You have tentacles for arms and can constrict up to eight enemies at once.


   Skills:
 - Level 2.0 Dodging
 - Level 2.7 Stealth
 + Level 7.5 Spellcasting
 + Level 6.1 Conjurations
 + Level 7.5 Transmutations
 - Level 8.0 Earth Magic
 + Level 0.3 Invocations


You had 13 spell levels left.
You knew the following spells:

 Your Spells              Type           Power      Damage    Failure   Level
a - Stone Arrow           Conj/Erth      100%       3d13      1%          3
i - Irradiate             Conj/Tmut      18%        3d17      14%         5
p - Passwall              Tmut/Erth      47%        N/A       1%          2
s - Sandblast             Erth           100%       2d20      1%          1

Your spell library contained the following spells:

 Spells                   Type           Power      Damage    Failure   Level
 Wereblood                Tmut           39%        N/A       1%          2
 Shock                    Conj/Air       80%        1d8       2%          1
 Petrify                  Tmut/Erth      57%        N/A       3%          4
 Dazzling Flash           Conj/Hex       40%        N/A       7%          3
 Slow                     Hex            28%        N/A       9%          1
 Sublimation of Blood     Necr           7%         N/A       13%         2
 Iskenderun's Mystic Bla  Conj/Tloc      20%        2d6       24%         4
 Gell's Gravitas          Tloc           7%         N/A       26%         3
 Swiftness                Air            7%         N/A       26%         3
 Teleport Other           Tloc           7%         N/A       26%         3
 Airstrike                Air            3%         2d(1-17)  63%         4
 Starburst                Conj/Fire      10%        6d5       98%         6
 Dispersal                Tloc           3%         N/A       100%        6
 Summon Hydra             Summ           3%         N/A       100%        7
 Summon Horrible Things   Summ           3%         N/A       100%        8

Inventory:

Hand Weapons
 r - a +3 dagger of venom
   (You found it on level 3 of the Dungeon)
Missiles
 d - 109 stones
 e - 22 poisoned darts
 u - 8 boomerangs
 E - 5 curare-tipped darts {=f}
 G - a throwing net {=f!f}
Magical Staves
 x - a staff of conjuration {!a}
   (You found it on level 5 of the Dungeon)
 z - a staff of earth (weapon) {!a}
   (You found it on level 6 of the Dungeon)
Jewellery
 F - a ring of fire
   (You found it on level 5 of the Dungeon)
 L - a ring of flight (left tentacle)
   (You found it on level 2 of the Dungeon)
Wands
 f - a wand of quicksilver (4)
   (You took it off Grinder on level 3 of the Dungeon)
 k - a wand of iceblast (10)
   (You found it on level 2 of the Dungeon)
 t - a wand of paralysis (18)
   (You found it on level 4 of the Dungeon)
 B - a wand of flame (16)
   (You took it off Maggie on level 7 of the Dungeon)
Scrolls
 g - a scroll of amnesia
 i - 6 scrolls of teleportation {@r4}
 j - a scroll of blinking {!r}
 l - 2 scrolls of poison {!r}
 m - a scroll of enchant armour
 o - 3 scrolls of fear
 q - a scroll of magic mapping {!r}
 v - a scroll of vulnerability {!r!r}
 C - a scroll of fog
Potions
 a - a potion of magic
 b - 2 potions of attraction {!q}
 c - 5 potions of ambrosia
 h - a potion of mutation {unknown}
 n - 4 potions of lignification {!q}
 p - a potion of curing {@q1}
 s - a potion of might
 w - a potion of flight
 A - 4 potions of heal wounds {@q2}
 D - a potion of berserk rage {!q}

Dungeon Overview and Level Annotations

Branches:
Dungeon (9/15) Zot: 26544  Temple (1/1) D:5 Zot: 5719
   Lair: D:8-11         Orc: D:9-12

Altars:
Ashenzari
Cheibriados
Dithmenos
Elyvilon
Fedhas
Gozag
Hepliaklqana
Kikubaaqudgha
Makhleb
Nemelex Xobeh
Okawaru
Qazlal
Ru
Sif Muna
Trog
Uskayaw
Vehumet
Wu Jian
Xom
Yredelemnul
Zin
The Shining One

Shops:
D:5 [

Annotations:
D:4 2 transporters, AGayBaby's ghost, weakling GnDe
D:5 1 runed translucent door, AttackTheMoon's ghost, novice KoNe
D:6 2 runed translucent doors, Sobieck's ghost, novice VSHu

.# ## .# .# .#
###++### .# #......#
.#########.#.##.###
.........'.#⌠...'.#.#
.........)...⌠#.@y..#
.........#.##.#.#####
......#..#......#
......##.###++###
##....##......#
..############# .. ..
.


You could see a hornet.


Message History

Press: ? - help, Shift-Dir - straight line, f/p - orc warrior
Aim: an orc warrior, wielding a +0 short sword and wearing a +0 plate armour (severely wounded, 78% to hit)
You feel a surge of power!
The stone arrow misses the orc warrior. 😎 MP[-3]
You lost 3 mp, and now have 15/21 mp.
Casting: Stone Arrow (safe; 1% risk of failure)
Confirm with . or Enter, or press ? or * to list all spells.
Aiming: Stone Arrow (safe; 1% risk of failure)
Press: ? - help, Shift-Dir - straight line, f/p - orc warrior
Aim: an orc warrior, wielding a +0 short sword and wearing a +0 plate armour (severely wounded, 78% to hit)
You feel a surge of power!
The stone arrow misses the orc warrior. 😎 MP[-3]
You lost 3 mp, and now have 12/21 mp.
Casting: Stone Arrow (safe; 1% risk of failure)
Confirm with . or Enter, or press ? or * to list all spells.
Aiming: Stone Arrow (safe; 1% risk of failure)
Press: ? - help, Shift-Dir - straight line, f/p - orc warrior
Aim: an orc warrior, wielding a +0 short sword and wearing a +0 plate armour (severely wounded, 78% to hit)
You feel a surge of power!
The stone arrow misses the orc warrior.
The orc warrior barely misses you. 😎 MP[-3]
You lost 3 mp, and now have 9/21 mp.
Casting: Stone Arrow (safe; 1% risk of failure)
Confirm with . or Enter, or press ? or * to list all spells.
Aiming: Sandblast (safe; 1% risk of failure)
Press: ? - help, Shift-Dir - straight line, f/p - orc warrior
Aim: an orc warrior, wielding a +0 short sword and wearing a +0 plate armour (severely wounded, 85% to hit)
You feel a surge of power!
The blast of sand hits the orc warrior.
The orc warrior closely misses you. 😎 MP[-1]
You lost 1 mp, and now have 8/21 mp.
Casting: Sandblast (safe; 1% risk of failure)
Confirm with . or Enter, or press ? or * to list all spells.
Aiming: Stone Arrow (safe; 1% risk of failure)
Press: ? - help, Shift-Dir - straight line, f/p - orc warrior
Aim: an orc warrior, wielding a +0 short sword and wearing a +0 plate armour (severely wounded, 78% to hit)
You feel a surge of power!
The stone arrow hits the orc warrior!!
You kill the orc warrior! 😎 MP[-2]
You lost 2 mp, and now have 6/21 mp.
Key pressed, stopping explore.
There is a large open door, spattered with blood here.
Things that are here:
a +0 short sword; a +0 plate armour; an orc corpse
There is a fountain of clear blue water here.
You reach down and open the large door.
Key pressed, stopping explore.
A hornet comes into view.
There is a large open door here. 😎 MP[+15]
Your mp is fully restored (21).
A hornet is nearby!
A hornet is nearby!
Casting: Stone Arrow (safe; 1% risk of failure)
Confirm with . or Enter, or press ? or * to list all spells.
Aiming: Stone Arrow (safe; 1% risk of failure)
Press: ? - help, Shift-Dir - straight line, f - hornet
Aim: a hornet (wandering, hasn't noticed you, 66% to hit)
You feel a surge of power!
The stone arrow hits the hornet!
The hornet buzzes angrily.
The hornet stings you.
You are poisoned.
You feel yourself slow down. 😕 HP[-4] MP[-3]
You take 4 damage, and now have 52/56 hp.
You lost 3 mp, and now have 18/21 mp.
Casting: Stone Arrow (safe; 1% risk of failure)
Confirm with . or Enter, or press ? or * to list all spells.
Aiming: Stone Arrow (safe; 1% risk of failure)
Press: ? - help, Shift-Dir - straight line, f/p - hornet
Aim: a hornet (lightly wounded, 66% to hit)
You feel a surge of power!
The stone arrow misses the hornet.
You feel very sick. The hornet stings you!
You feel as though you will be slow longer.
The hornet stings you!
* * * LOW HITPOINT WARNING * * *
You are more poisoned.
You feel as though you will be slow longer.
The hornet closely misses you. 😨 HP[-26] MP[-3]
You take 26 damage, and now have 26/56 hp.
MASSIVE DAMAGE!! (PAUSE)
You lost 3 mp, and now have 15/21 mp.
Press: ? - help, Dir - move target, f/p - hornet Heal: a hornet (lightly wounded, chance to pacify: 2%)
The light of Elyvilon fails to reach the hornet.
You feel very sick. The hornet stings you!
* * * LOW HITPOINT WARNING * * *
You suddenly lose the ability to move!
The hornet stings you! Elyvilon protects you from harm!
You feel as though you will be slow longer.
You can move again. 😱 HP[-21] MP[-2]
You take 21 damage, and now have 5/56 hp.
MASSIVE DAMAGE!! (PAUSE)
You lost 2 mp, and now have 13/21 mp.
You feel better. The hornet stings you!
You die...

Skill      XL: |  1  2  3  4  5  6  7  8  9 10 |
---------------+-------------------------------+-----
Conjurations   | 1 2 3 4 6 |  6.1
Transmutations | 2 6 7 |  7.5
Spellcasting   | 3 4 6 7 |  7.5
Earth Magic    | 4 5 6 8 |  8.0
Dodging        | |  2.0
Stealth        | |  2.7
Invocations    | |  0.3

Action                   |  1- 3 |  4- 6 |  7- 9 | 10-12 || total
-------------------------+-------+-------+-------+-------++-------
Melee: Short sword       |     1 |     3 |       |       ||     4
       Tentacles         |     1 |     4 |     9 |       ||    14
       Constrict         |     1 |     4 |     7 |       ||    12
       Dagger            |       |    12 |    21 |       ||    33
       Punch             |       |       |     1 |       ||     1
Throw: Stone             |       |     1 |       |       ||     1
       Dart              |       |       |     4 |       ||     4
 Cast: Sandblast         |    59 |    71 |    89 |     7 ||   226
       Passwall          |       |       |     1 |       ||     1
       Stone Arrow       |       |       |    59 |    27 ||    86
Invok: Heal Other        |       |       |       |     1 ||     1
Evoke: Wand              |       |     5 |     6 |       ||    11
  Use: Potion            |       |     5 |       |     4 ||     9
       Scroll            |       |     2 |     8 |     3 ||    13
 Stab: Sleeping          |       |     1 |       |       ||     1
       Paralysed         |       |       |     7 |       ||     7
Armor: Skin              |     2 |     1 |     2 |       ||     5
Dodge: Dodged            |    11 |    32 |    30 |     7 ||    80

Levels and vault maps discovered:
D:1:      lemuel_arrival_broad_hall, layout_loops_ring,
          shapermc_ecumenical_altar_ellora
D:2:      cheibrodos_fertilizer, layout_basic, grunt_decor_arrowhead,
          minivault_11, kennysheep_minor_cross, minmay_hexomino_r4
D:3:      minmay_evil_eye, layout_loops_ring, nicolae_overflow_hidden_temple,
          minmay_misc_feat_alley, roderic_nine_men_s_morris, uniq_grinder
D:4:      cheibrodos_old_hovel, layout_cave_pools,
          chequers_temple_overflow_statue_of_worship, gammafunk_ghost_arena
D:5:      layout_layer_cave, old_standard_altar,
          mainiacjoe_overflow_surrounded_room, minmay_temple_entry_tees,
          ebering_ghost_reflecting_pool, serial_shops, shop,
          uniq_crazy_yiuf_cottage
D:6:      layout_rooms, ebering_ghost_disaster_area, uniq_menkaure
D:7:      layout_loops_cross, uniq_maggie
D:8:      layout_basic
D:9:      layout_basic, nicolae_ru_path_of_blood, david_orc_5,
          kennysheep_generic_room_12
Temple:   nicolae_temple_elliptical

Notes
Turn   | Place    | Note
-------+----------+-------------------------------------------
     0 | D:1      | spiderkeys the Octopode Earth Elementalist began the quest
                  | for the Orb.
     0 | D:1      | Reached XP level 1. HP: 11/11 MP: 3/3
     0 | D:1      | magus.rc [v1.11.3]
    47 | D:1      | You pick up a book of Alchemy and begin reading...
    47 | D:1      | You add the spells Sublimation of Blood and Irradiate to
                  | your library.
   173 | D:1      | Reached XP level 2. HP: 17/17 MP: 3/5
   203 | D:1      | You add the spells Gell's Gravitas, Teleport Other and
                  | Dispersal to your library.
   583 | D:1      | Found a faded altar of an unknown god.
   959 | D:2      | Reached skill level 1 in Conjurations
   959 | D:2      | Reached XP level 3. HP: 21/21 MP: 1/6
  1586 | D:2      | You pick up a book of Air and begin reading...
  1586 | D:2      | You add the spells Shock, Swiftness and Airstrike to your
                  | library.
  1657 | D:2      | Reached skill level 2 in Transmutations
  1744 | D:2      | Found a broken altar of Ashenzari.
  1892 | D:2      | Reached XP level 4. HP: 27/27 MP: 4/7
  2288 | D:2      | HP: 6/27 [endoplasm (3)]
  2426 | D:2      | Reached skill level 2 in Conjurations
  2426 | D:2      | Reached XP level 5. HP: 31/31 MP: 5/9
  2429 | D:2      | Reached skill level 3 in Spellcasting
  2789 | D:3      | Reached skill level 4 in Earth Magic
  3101 | D:3      | Noticed Grinder
  3113 | D:3      | Found a white marble altar of Elyvilon.
  3268 | D:3      | Became a worshipper of Elyvilon the Healer
  3315 | D:4      | Reached XP level 6. HP: 36/36 MP: 8/10
  3555 | D:4      | Reached skill level 3 in Conjurations
  3601 | D:4      | Noticed AGayBaby's ghost (weakling GnDe)
  3896 | D:3      | Reached XP level 7. HP: 41/41 MP: 9/12
  3921 | D:3      | Learned a level 2 spell: Passwall
  4064 | D:3      | Reached * piety under Elyvilon
  4180 | D:3      | Killed Grinder
  4181 | D:3      | Reached skill level 4 in Spellcasting
  4181 | D:3      | Reached skill level 4 in Conjurations
  4181 | D:3      | Reached skill level 5 in Earth Magic
  4616 | D:4      | Found a transporter.
  4619 | D:4      | Found a transporter.
  4727 | D:4      | Found an ancient bone altar of Kikubaaqudgha.
  4727 | D:4      | Found an iron altar of Okawaru.
  4866 | D:5      | Entered Level 5 of the Dungeon
  5000 | D:5      | Found a staircase to the Ecumenical Temple.
  5014 | Temple   | Entered the Ecumenical Temple
  5323 | D:5      | Reached XP level 8. HP: 41/46 MP: 11/15
  5574 | D:5      | Found a shimmering blue altar of Sif Muna.
  5587 | D:5      | Learned a level 3 spell: Stone Arrow
  5654 | D:5      | Reached skill level 5 in Spellcasting
  5655 | D:5      | Reached skill level 5 in Conjurations
  5749 | D:5      | You add the spells Slow, Dazzling Flash, Summon Hydra and
                  | Summon Horrible Things to your library.
  5749 | D:5      | Got Sif Muna's Dissertation on the Retinue and Spellbinding
  5756 | D:5      | Reached skill level 6 in Earth Magic
  5781 | D:5      | Found a bloodstained altar of Trog.
  6117 | D:5      | Found Gyloc's Armour Emporium.
  6133 | D:5      | Reached ** piety under Elyvilon
  6286 | D:5      | Found a runed translucent door.
  6287 | D:5      | Noticed Crazy Yiuf
  6624 | D:5      | Found a runed translucent door.
  6641 | D:5      | Noticed AttackTheMoon's ghost (novice KoNe)
  7283 | D:5      | Killed Crazy Yiuf
  7407 | D:6      | Identified the +5 scale mail of Neaqor {rC+ Int-5 Dex+4}
  7416 | D:6      | Found a large runed translucent door.
  7417 | D:6      | Found a large runed translucent door.
  7532 | D:6      | Reached skill level 6 in Conjurations
  7578 | D:6      | Reached skill level 6 in Spellcasting
  7578 | D:6      | Reached XP level 9. HP: 51/51 MP: 10/18
  7687 | D:6      | Learned a level 5 spell: Irradiate
  7719 | D:6      | Noticed Menkaure
  7722 | D:6      | Killed Menkaure
  7723 | D:6      | Reached skill level 3 in Transmutations
  7723 | D:6      | Reached skill level 7 in Earth Magic
  8024 | D:6      | You are sucked into a shaft and drop 1 floor!
  8025 | D:7      | Reached *** piety under Elyvilon
  8029 | D:7      | Reached skill level 4 in Transmutations
  8114 | D:7      | Noticed Maggie
  8120 | D:7      | Killed Maggie
  8232 | D:7      | Reached skill level 5 in Transmutations
  9321 | D:6      | Reached skill level 7 in Spellcasting
  9321 | D:6      | Reached skill level 6 in Transmutations
  9372 | D:6      | Reached **** piety under Elyvilon
  9414 | D:6      | Noticed Sobieck's ghost (novice VSHu)
  9583 | D:8      | Reached skill level 8 in Earth Magic
  9627 | D:8      | Reached XP level 10. HP: 56/56 MP: 6/20
 10046 | D:8      | Reached skill level 7 in Transmutations
 10852 | D:8      | You pick up a book of Blood and begin reading...
 10997 | D:9      | You pick up a book of Spectacle and begin reading...
 10997 | D:9      | You add the spells Iskenderun's Mystic Blast and Starburst
                  | to your library.
 11235 | D:9      | Found a sacrificial altar of Ru.
 11284 | D:9      | Reached ***** piety under Elyvilon
 11400 | D:9      | HP: 5/56 [hornet (15)]
 11400 | D:9      | Paralysed by a hornet for 1 turns
 11400 | D:9      | Elyvilon protects you from harm!
 11401 | D:9      | Slain by a hornet

Vanquished Creatures
  Maggie (D:7)
  Grinder (D:3)
  4 steam dragons
  Menkaure (D:6)
  2 water moccasins
  An orc warrior (D:9)
  A sky beast (D:6)
  A black bear (D:6)
  3 ice beasts
  2 ogres
  2 centaurs
  2 bullfrogs
  3 scorpions
  5 wights (D:8)
  A howler monkey (D:5)
  4 hounds
  Crazy Yiuf (D:5)
  8 jellies
  A gnoll bouda (D:3)
  3 orc priests
  8 orc wizards
  4 iguanas
  20 gnolls
  10 adders
  A shadow imp (D:5)
  2 white imps
  An ufetubus (D:4)
  2 worms
  5 dart slugs
  30 orcs
  3 ball pythons
  9 bats
  18 endoplasms
  3 giant cockroaches
  7 goblins
  11 hobgoblins
  10 kobolds
  4 quokkas
  5 frilled lizards
  7 rats
207 creatures vanquished.

Vanquished Creatures (others)
  2 fungi (D:2)
  3 plants (D:4)
  6 toadstools (D:2)
11 creatures vanquished.

Grand Total: 218 creatures vanquished

Table legend:
 A = Non-vault XP
 B = Vault XP
 C = Vault XP percentage of total XP
 D = Non-vault monster count
 E = Vault monster count
 F = Vault count percentage of total count
                 A         B        C        D         E       F
            +---------+---------+-------+---------+---------+-------
      Total |    4646 |    1162 |  20.0 |     176 |      31 |  15.0
            +---------+---------+-------+---------+---------+-------
        D:1 |      31 |       2 |   6.1 |      18 |       1 |   5.3
        D:2 |      50 |     158 |  76.0 |      15 |      20 |  57.1
        D:3 |     183 |     274 |  60.0 |      29 |       5 |  14.7
        D:4 |     417 |       2 |   0.5 |      24 |       1 |   4.0
        D:5 |     898 |      44 |   4.7 |      38 |       1 |   2.6
        D:6 |     880 |     157 |  15.1 |      13 |       1 |   7.1
        D:7 |     950 |     395 |  29.4 |      23 |       1 |   4.2
        D:8 |     992 |       0 |   0.0 |      11 |       0 |   0.0
        D:9 |     245 |     130 |  34.7 |       5 |       1 |  16.7
            +---------+---------+-------+---------+---------+-------

Illustrated notes

Table legend:
 A = Kills in this place as a percentage of kills in entire the game.
 B = Kills by you in this place as a percentage of kills by you in the entire game.
 C = Kills by friends in this place as a percentage of kills by friends in the entire game.
 D = Other kills in this place as a percentage of other kills in the entire game.
 E = Experience gained in this place as a percentage of experience gained in the entire game.
 F = Experience gained in this place divided by the number of levels of this place that you have seen.
                   A       B       C       D       E      F
               +-------+-------+-------+-------+-------+----------------------
         Total | 100.0 | 100.0 |   N/A |   N/A | 100.0 | 580.8
       Dungeon | 100.0 | 100.0 |   N/A |   N/A | 100.0 | 645.3
               +-------+-------+-------+-------+-------+----------------------

Table legend: (Time is in decaauts)
 A = Elapsed time spent in this place.
 B = Non-inter-level travel time spent in this place.
 C = Inter-level travel time spent in this place.
 D = Time resting spent in this place.
 E = Time spent auto-exploring this place.
 F = Levels seen in this place.
 G = Mean time per level.
                   A        B        C        D        E       F      G
               +--------+--------+--------+--------+--------+-----+--------+
         Total |  11532 |  11038 |    494 |    288 |   9442 |  10 | 1153.2 |
       Dungeon |  11251 |  10790 |    461 |    254 |   9249 |   9 | 1250.1 |
        Temple |    280 |    247 |     33 |     34 |    193 |   1 |  280.0 |
               +--------+--------+--------+--------+--------+-----+--------+

Top non-repeatable levels by time:
     D:5: 2367 daAuts
     D:2: 1691 daAuts
     D:8: 1391 daAuts
     D:3: 1315 daAuts
     D:7: 1205 daAuts
     D:1: 979 daAuts
     D:4: 955 daAuts
     D:6: 893 daAuts
     D:9: 454 daAuts
  Temple: 280 daAuts
